Unix NetHack Version 3.7.0-53 Work-in-progress - last build Apr 11 2022 03:59:15 (1e4a17dd8e4cd83bd3ef5d46a59529246cfc2aae,branch:master). Game began 2022-04-14 04:37:31, ended 2022-04-14 04:40:54. Anerag, lawful female human Samurai ..- ....-- .....-- ......|. ...--..... .G....| --... .@....-- --... |..G...- --... |.......- |... --G.G..... -.........-.. |........|-.............. |..| -.-|...|........... --- |..- -.-----.|.| --- --- Anerag the Hatamoto St:15 Dx:16 Co:18 In:11 Wi:8 Ch:7 Lawful Dlvl:4 $:7 HP:0(15) Pw:2(2) AC:4 Exp:1 T:663 Latest messages: Hachi bites the sewer rat. The sewer rat is killed! You descend the stairs. Hachi bites the newt. The newt bites Hachi. Hachi misses the newt. Hachi misses the newt. Hachi bites the newt. The newt is killed! The door opens. You descend the stairs. You climb up the stairs. You descend the stairs. $ - 3 gold pieces. The sewer rat bites! You climb up the stairs. You swap places with Hachi. You swap places with Hachi. You find a hidden door. This door is locked. Kick it? [ynq] (q) y As you kick the door, it crashes open! What do you want to wield? [- abcd or ?*] s You don't have that object. What do you want to wield? [- abcd or ?*] Never mind. You stop. Hachi is in the way! You descend the stairs. You see here a blue gem. You hear some noises in the distance. An arrow misses you. The gnome hits! You kill the gnome! You see here a fizzy potion. m - a fizzy potion. You hear some noises in the distance. A trap door opens up under you! You miss the gnome. The gnome hits! You kill the gnome! You see here a tin opener. n - a tin opener. You are hit by an arrow. The gnome misses! The gnome shoots an arrow! An arrow misses you. The gnome picks up an arrow. The gnome lord hits! You die... Do you want your possessions identified? [ynq] (y) q Major events: Turn 1: Anerag the lawful female human Samurai entered the dungeon 355: entered the Gnomish Mines 663: killed by a gnome lord Inventory: Coins $ - 7 gold pieces Weapons d - 35 uncursed +0 ya (in quiver) c - an uncursed +0 yumi (alternate weapon; not wielded) a - an uncursed +0 katana (weapon in hand) b - an uncursed +0 wakizashi Armor e - an uncursed rustproof +0 splint mail (being worn) Comestibles i - an uncursed gunyoki g - a cursed gunyoki Scrolls h - an uncursed scroll of food detection Potions m - an uncursed potion of healing j - a cursed potion of sleeping Rings l - a cursed ring of teleport control Wands k - an uncursed wand of light (0:10) Tools t - an uncursed blindfold n - an uncursed tin opener Anerag the Samurai's attributes: Background: You were a Hatamoto, a level 1 female human Samurai. You were lawful, on a mission for Amaterasu Omikami who was opposed by Raijin (neutral) and Susanowo (chaotic). You were in the Gnomish Mines, on level 4. You entered the dungeon 663 turns ago. It was nighttime. You had 16 experience points, 4 more were needed to attain level 2. Basics: You had 0 out of 15 hit points. You had both energy points (spell power). Your armor class was 4. Your wallet contained 7 zorkmids. Autopickup was on for '$' plus thrown. Final Characteristics: Your strength was 15 (limit:18/100). Your dexterity was 16 (limit:18). Your constitution was 18 (limit:18). Your intelligence was 11 (limit:18). Your wisdom was 8 (limit:18). Your charisma was 7 (limit:18). Final Status: You were not hungry. You were unencumbered. You were wielding a long sword. You had basic skill with long sword. Final Attributes: You were fervently aligned. You were warded. You were fast. You are dead. Miscellaneous: You disabled loading of bones levels. Total elapsed playing time was 3 minutes and 23 seconds. Vanquished creatures: a hobbit 2 gnomes 3 jackals a sewer rat 6 newts 13 creatures vanquished. No species were genocided or became extinct. Voluntary challenges: You were an atheist. You read items or engraved 1 time. You never engraved Elbereth. You never genocided any monsters. You never polymorphed an object. You never changed form. You used no wishes. Achievement: You entered the Gnomish Mines. The Dungeons of Doom: levels 1 to 3 Level 1: A sink. Level 2: Stairs down to The Gnomish Mines. Level 3: The Gnomish Mines: levels 3 to 4 Level 3: Level 4: <- You were here. Final resting place for you, killed by a gnome lord. Game over: ---------- / \ / REST \ / IN \ / PEACE \ / \ | Anerag | | 7 Au | | killed by a | | gnome lord | | | | | | 2022 | *| * * * | * _________)/\\_//(\/(/\)/\//\/|_)_______ Sayonara Anerag the Samurai... You died in The Gnomish Mines on dungeon level 4 with 231 points, and 7 pieces of gold, after 663 moves. You were level 1 with a maximum of 15 hit points when you died.